 Dungeon Crawl Stone Soup version 0.31-a0-986-g5e6e4ef867 (webtiles) character file.

Game seed: 16068933910784310792

16 clenchingflame the Ruffian (level 2, -1/22 HPs)
             Began as a Djinni Shapeshifter on Nov 16, 2023.
             Slain by a kobold
             ... wielding a +0 club
              (4 damage)
             ... on level 1 of the Dungeon.
             The game lasted 00:04:06 (369 turns).

clenchingflame the Ruffian (Djinni Shapeshifter)     Turns: 369, Time: 00:04:06

Health: -1/22      AC:  2    Str: 13    XL:     2   Next: 70%
Gold:   51         EV: 12    Int: 11    God:
                   SH:  0    Dex: 12

rFire   + + .        g - +0 short sword
rCold   x . .        (no shield)
rNeg    . . .        a - +0 animal skin
rPois   ∞            (helmet currently unavailable)
rElec   .            (cloak currently unavailable)
rCorr   .            (gloves currently unavailable)
SInv    .            (boots unavailable)
Will    .....        (no amulet)
Stlth   +            (no ring)
HPRegen 0.23/turn    (no ring)
MPRegen 0.00/turn

%: infuse magic (-2 HP)
@: beast-form, flying
A: beast (slay +1), flying, sickness immunity, fire resistance 2, cold
vulnerability 1, float, innate caster, HP casting, extra vitality 1
a: Begin Untransformation


You were on level 1 of the Dungeon.
You were a hulking beast.
You visited 1 branch of the dungeon, and saw 1 of its levels.

You collected 51 gold pieces.

Inventory:

Hand Weapons
 g - a +0 short sword (weapon)
 j - a +0 long sword
Missiles
 i - 4 stones
Armour
 a - a +0 animal skin (worn)
Talismans
 c - a beast talisman (active)
 d - a flux talisman
Scrolls
 e - a scroll of silence {unknown}
 h - a scroll of noise {unknown}
Potions
 b - a potion of lignification
 f - 2 potions of heal wounds {unknown}
 k - a potion of mutation {unknown}


   Skills:
 + Level 1.3 Fighting
 + Level 2.4 Dodging
 * Level 3.3 Unarmed Combat
 + Level 2.8 Shapeshifting You didn't know any spells. Your spell library was empty.

Dungeon Overview and Level Annotations

Branches:
Dungeon (1/15)

Altars:


Innate Abilities, Weirdness & Mutations

You are a hulking beast.
Your limbs bulge with bestial killing power. (Slay +1)
You are flying.
You are immune to sickness and miasma.
You are immune to poison.
Your flesh is very heat resistant. (rF++)
You are vulnerable to cold. (rC-)
You float through the air rather than walking.
You learn spells naturally, not from books.
Your magical power is your life essence.
You have superior vitality. (+4 MHP)


Message History

You hit the jackal.
The jackal is heavily wounded.
The jackal closely misses you.
You hit the jackal.
The jackal is almost dead.
The jackal misses you. The jackal closely misses you.
You barely miss the jackal.
The jackal is almost dead.
The jackal bites you.
You completely miss the jackal.
The jackal is almost dead.
The jackal bites you. The jackal closely misses you.
You closely miss the jackal.
The jackal is almost dead.
The jackal closely misses you.
A kobold comes into view. It is wielding a +0 club.
You completely miss the jackal.
The jackal is almost dead.
The jackal barely misses you.
You hit the jackal.
You kill the jackal!
You hit the frilled lizard.
You kill the frilled lizard!
You hit the jackal but do no damage. The jackal bites you.
The jackal closely misses you.
You closely miss the jackal. The jackal barely misses you.
You barely miss the jackal. The jackal closely misses you.
The jackal barely misses you.
You hit the jackal.
You kill the jackal!
You hit the kobold.
You kill the kobold!
You hit the kobold but do no damage. The kobold hits you with a +0 club.
You miss the kobold. The kobold barely misses you.
You hit the kobold but do no damage. The kobold hits you with a +0 club.
* * * LOW HITPOINT WARNING * * *
You barely miss the kobold. The kobold hits you with a +0 club.
* * * LOW HITPOINT WARNING * * *
You closely miss the kobold. The kobold hits you with a +0 club.
You die...

###..........#....
#...###.###..#..#
#.##...#...##..#
#.##...#...#...#
#.###..#...#.)#
#.####..###..#
..........#...#
.#####....#K..#
#..#.h###.#
#............
####....#.#.#
####.###.# +# #


You could see a kobold.

Vanquished Creatures
  2 endoplasms (D:1)
  A giant cockroach (D:1)
  3 goblins (D:1)
  2 jackals (D:1)
  2 kobolds (D:1)
  A quokka (D:1)
  A ball python (D:1)
  A frilled lizard (D:1)
13 creatures vanquished.

Notes
Turn   | Place    | Note
-------+----------+-------------------------------------------
     0 | D:1      | clenchingflame the Djinni Shapeshifter began the quest for
                  | the Orb.
     0 | D:1      | Reached XP level 1. HP: 17/17 MP: 0/0
   266 | D:1      | Reached XP level 2. HP: 22/22 MP: 0/0
   369 | D:1      | Slain by a kobold

Illustrated notes

Levels and vault maps discovered:
D:1:      dpeg_arrival_round_b, layout_loops_corners, nicolae_titane

Action                     || total
---------------------------++-------
  Melee: Short sword       ||    53
         Punch             ||     3
         Unarmed           ||     1
 Armour: Animal skin       ||    27
  Dodge: Dodged            ||    34
   Form: Beast             ||     1

Table legend: (Time is in decaauts)
 A = Elapsed time spent in this place.
 B = Non-inter-level travel time spent in this place.
 C = Inter-level travel time spent in this place.
 D = Time resting spent in this place.
 E = Time spent auto-exploring this place.
 F = Levels seen in this place.
 G = Mean time per level.
                   A        B        C        D        E       F      G
               +--------+--------+--------+--------+--------+-----+--------+
         Total |    368 |    368 |      0 |     17 |    229 |   1 |  368.0 |
       Dungeon |    368 |    368 |      0 |     17 |    229 |   1 |  368.0 |
               +--------+--------+--------+--------+--------+-----+--------+

Top non-repeatable levels by time:
     D:1: 368 daAuts
